AoeStats
← Polar_Op

Black Forest

510351558Analyzed
2v2 RM · 2d ago on Sep 30, 2026· 18m 17s· 4 players
Game mode
Random Map
Map size
Medium (4 player)
Population
200
Speed
Normal
Resources
Standard
Victory
Conquest
Starting age
Dark Age
Ending age
Imperial Age
RankedLock teamsTeams togetherTeam positionsShared explorationLock speedFull tech treeHidden civsTurbo modeCheats
Victory
Defeat
🇧🇪 Goths · Belgium
849
+15
🇧🇷 Byzantines · Brazil
838
+15
🇦🇺 Koreans · Australia
818
-36
🇦🇺 Aztecs · Australia
818
-36
Polar_Op
15:44 Feudal Age
Jihad Herbie
12:55 Feudal Age
the wuiten from Hamme
0:47 Loom
12:28 Feudal Age
12:33 Man-at-Arms
13:39 Double-Bit Axe
16:45 Fletching
16:55 Scale Mail Armor
17:07 Forging
18:06 Horse Collar
GREG
12:09 Feudal Age
13:04 Double-Bit Axe
14:24 Horse Collar
17:39 Castle Age
16:22 Fletching
18:47 Bodkin Arrow
18:55 Padded Archer Armor
Connection lost

Rejoining the realm…

Still unreachable

The connection could not be restored.

Session expired

The server has moved on; the page needs a fresh start.